 Dungeon Crawl Stone Soup version 0.29.0-4-gdea44cf6ec (webtiles) character file.

Game seed: 396464122595481955

976 qw the Cleaver (level 8, -1/48 HPs)
             Began as a Tengu Warper on Aug 28, 2022.
             Was an Initiate of Okawaru.
             Slain by an orc wizard
             ... wielding a +0 dagger
              (3 damage)
             ... on level 5 of the Dungeon.
             The game lasted 00:00:35 (6423 turns).

qw the Cleaver (Tengu Warper)                       Turns: 6423, Time: 00:00:36

Health: -1/48      AC:  8    Str: 13    XL:     8   Next: 16%
Magic:  12/12      EV: 12    Int: 14    God:    Okawaru [......]
Gold:   240        SH:  0    Dex: 14    Spells: 11/11 levels left

rFire   . . .      SeeInvis .   Y - +0 war axe
rCold   . . .      Faith    .   (no shield)
rNeg    . . .      Spirit   .   m - +0 scale mail
rPois   .          Reflect  .   (helmet restricted)
rElec   .          Harm     .   l - +1 cloak
rCorr   .          Rampage  .   (no gloves)
Will    .....                   (boots unavailable)
Stlth   ..........              (no amulet)
HPRegen 0.16/turn               (no ring)
MPRegen 0.13/turn               (no ring)

@: lethally poisoned (-1 -> -3), flying quickly and evasively, quick
A: beak, talons 3, nimble flight
a: Renounce Religion


You were on level 5 of the Dungeon.
You worshipped Okawaru.
Okawaru was noncommittal.
You visited 2 branches of the dungeon, and saw 6 of its levels.

You collected 240 gold pieces.


Innate Abilities, Weirdness & Mutations

You have a beak for a mouth.
You have claws for feet.
Your magical nature lets you fly swiftly and evasively.


   Skills:
 + Level 3.7 Fighting
 - Level 9.0 Axes
 - Level 1.0 Throwing
 - Level 2.9 Armour
 - Level 3.0 Dodging
 - Level 2.0 Spellcasting
 - Level 2.4 Translocations


You had 11 spell levels left.
You didn't know any spells.
Your spell library contained the following spells:

 Spells                   Type           Power      Damage    Failure   Level
 Blink                    Tloc           16%        N/A       52%         2
 Gell's Gravitas          Tloc           8%         N/A       77%         3
 Lesser Beckoning         Tloc           8%         N/A       77%         3
 Teleport Other           Tloc           8%         N/A       77%         3
 Manifold Assault         Tloc           8%         N/A       100%        5

Inventory:

Hand Weapons
 o - a +1 flail of draining
 Y - a +0 war axe (weapon)
Missiles
 j - 4 boomerangs (quivered)
Armour
 a - a +2 ring mail of willpower
 l - a +1 cloak (worn)
 m - a +0 scale mail (worn)
Jewellery
 e - a ring of ice
Scrolls
 c - a scroll of identify
Potions
 b - a potion of haste
 d - a potion of cancellation {unknown}
 h - a potion of might
 p - a potion of mutation

Dungeon Overview and Level Annotations

Branches:
Dungeon (5/15)             Temple (1/1) D:4

Altars:
Ashenzari
Cheibriados
Gozag
Hepliaklqana
Kikubaaqudgha
Makhleb
Nemelex Xobeh
Okawaru
Ru
Sif Muna
Vehumet
Wu Jian
Xom

Annotations:
D:3 1 runed translucent door, Crazy Yiuf


Message History

You hit the scorpion but do no damage. Your kick misses the scorpion.
Your peck misses the scorpion. You punch the scorpion.
The scorpion is heavily wounded.
The scorpion stings you but does no damage.
You hit the scorpion but do no damage. You claw the scorpion.
The scorpion is severely wounded.
The scorpion barely misses you.
An orc comes into view. It is wielding a +0 dagger.
The orc shouts!
You hit the scorpion. Your kick misses the scorpion.
The scorpion is severely wounded.
You feel like a meek peon again. The scorpion stings you.
You are poisoned.
The scorpion poisons you!
The orc wizard gestures wildly while chanting.
The orc wizard flickers and vanishes!
Deactivating autopickup; reactivate with Ctrl-A.
You hit the scorpion. Your kick misses the scorpion.
The scorpion is almost dead.
You feel sick. The scorpion closely misses you.
The scorpion stings you but does no damage.
A magic dart appears from out of thin air!
The magic dart hits you.
You barely miss the scorpion. Your kick misses the scorpion.
You peck the scorpion, but do no damage.
The scorpion is almost dead.
You feel sick. The scorpion barely misses you.
You hit the scorpion.
You kill the scorpion!
Okawaru accepts your kill.
You feel sick.
An orc comes into view. It is wielding a +0 flail.
Something hits you.
You barely miss something.
You feel sick. Something hits you but does no damage.
You closely miss something. Your kick misses something.
You feel sick.
The orc throws a boomerang.
The boomerang barely misses you. Something hits you.
You die...

## #.## ... ...#
.... #..######
#..##........
#......l.... ###
#.# ..# #o# #
#.##)#######.#
#.###.##.....o.@>#
....[######.#####
#####..#####...##
....)...........#
#####..#####...##
#..## ##.##
#####...## #.#
#~~~~~~~~## #.#
~~~~~~~~~~###..


You could see 2 orcs.

Vanquished Creatures
  Sigmund (D:3)
  A water moccasin (D:5)
  A black bear (D:5)
  A phantom (D:5)
  2 scorpions
  A hound (D:3)
  A gnoll bouda (D:4)
  Terence (D:3)
  Jessica (D:3)
  3 iguanas
  Robin (D:2)
  4 gnolls (D:4)
  5 adders
  A shadow imp (D:5)
  A white imp (D:5)
  2 dart slugs (D:1)
  23 orcs
  6 bats
  11 endoplasms
  8 goblins
  8 hobgoblins
  2 jackals (D:3)
  6 quokkas
  9 ball pythons
  A frilled lizard (D:3)
  5 kobolds
  5 rats
  A butterfly (D:4)
112 creatures vanquished.

Notes
Turn   | Place    | Note
-------+----------+-------------------------------------------
     0 | D:1      | qw the Tengu Warper began the quest for the Orb.
     0 | D:1      | Reached XP level 1. HP: 12/12 MP: 4/4
     0 | D:1      | 0 ||| qw: Version: 0.1-a-89-g26bdef1
     0 | D:1      | 0 ||| qw: Game counter: 3383
     0 | D:1      | 0 ||| qw: Always use a shield: true
     0 | D:1      | 0 ||| qw: God list: Okawaru
     0 | D:1      | 0 ||| qw: Allow faded altars: false
     0 | D:1      | 0 ||| qw: Do Orc after D:15 true
     0 | D:1      | 0 ||| qw: Do second Lair branch before Depths: true
     0 | D:1      | 0 ||| qw: Lair rune preference: random
     0 | D:1      | 0 ||| qw: Plans: Normal
     0 | D:1      | 0 ||| PLANNING D:1-11
    24 | D:1      | 24 ||| Stepping ~*~*~tactically~*~*~ (hiding).
   196 | D:1      | Reached XP level 2. HP: 17/17 MP: 6/6
   206 | D:1      | 206 ||| Stepping ~*~*~tactically~*~*~ (stealth).
   208 | D:1      | 208 ||| Stepping ~*~*~tactically~*~*~ (stealth).
   211 | D:1      | 211 ||| Stepping ~*~*~tactically~*~*~ (stealth).
   213 | D:1      | Reached skill level 3 in Axes
   237 | D:1      | 237 ||| Stepping ~*~*~tactically~*~*~ (stealth).
   358 | D:1      | 358 ||| Stepping ~*~*~tactically~*~*~ (stealth).
   360 | D:1      | 360 ||| Stepping ~*~*~tactically~*~*~ (stealth).
   362 | D:1      | 362 ||| Stepping ~*~*~tactically~*~*~ (stealth).
   364 | D:1      | 364 ||| Stepping ~*~*~tactically~*~*~ (stealth).
   726 | D:1      | Reached XP level 3. HP: 19/21 MP: 7/7
   813 | D:1      | 813 ||| DROPPING +0 club.
   943 | D:1      | 943 ||| UPGRADING to +1 cloak.
   948 | D:1      | 948 ||| READING scroll labelled LIUPPAPUYS.
   949 | D:1      | 949 ||| READING scroll labelled VYMAITZ IHOLAI.
  1050 | D:1      | 1050 ||| READING scroll labelled BUSHAWK SUEH.
  1051 | D:1      | 1051 ||| READING scroll labelled JYAFAPA DEGG.
  1052 | D:1      | 1052 ||| READING scroll labelled ZURYDE TANOMO.
  1057 | D:1      | 1057 ||| DROPPING scroll of blinking.
  1073 | D:2      | Reached skill level 4 in Axes
  1360 | D:2      | Noticed Robin
  1372 | D:2      | Killed Robin
  1373 | D:2      | Reached XP level 4. HP: 21/26 MP: 8/8
  1589 | D:2      | 1589 ||| UPGRADING to +0 ring mail.
  1630 | D:2      | 1630 ||| UPGRADING to +0 leather armour.
  1635 | D:2      | 1635 ||| UPGRADING to +0 ring mail.
  1645 | D:2      | 1645 ||| DROPPING +0 leather armour.
  1825 | D:2      | 1825 ||| DRINKING 2 smoky yellow potions.
  1826 | D:2      | 1826 ||| DRINKING 2 bubbling grey potions.
  1827 | D:2      | 1827 ||| DRINKING 2 metallic brown potions.
  1828 | D:2      | 1828 ||| DROPPING potion of attraction.
  1897 | D:3      | Noticed Jessica
  1898 | D:3      | 1898 ||| Stepping ~*~*~tactically~*~*~ (hiding).
  1900 | D:3      | 1900 ||| Stepping ~*~*~tactically~*~*~ (hiding).
  1901 | D:3      | 1901 ||| Stepping ~*~*~tactically~*~*~ (hiding).
  1909 | D:3      | Killed Jessica
  1910 | D:3      | Reached skill level 5 in Axes
  1979 | D:3      | 1979 ||| FLEEEEING.
  1982 | D:3      | 1982 ||| FLEEEEING.
  1984 | D:3      | 1984 ||| FLEEEEING.
  1985 | D:3      | 1985 ||| FLEEEEING.
  1986 | D:3      | 1986 ||| FLEEEEING.
  1987 | D:3      | 1987 ||| STAIRDANCE
  2040 | D:3      | 2040 ||| STAIRDANCE
  2106 | D:3      | Found a radiant altar of Vehumet.
  2133 | D:3      | Found a broken altar of Ashenzari.
  2175 | D:3      | Gained mutation: Your magical nature lets you fly swiftly
                  | and evasively. [Tengu growth]
  2175 | D:3      | Reached XP level 5. HP: 24/30 MP: 9/9
  2234 | D:3      | Noticed Terence
  2247 | D:3      | HP: 2/30 [Terence/+0 hand axe (6)]
  2248 | D:3      | 2248 ||| READING 2 scrolls of teleportation.
  2249 | D:3      | 2249 ||| DRINKING potion of heal wounds.
  2434 | D:3      | Found a runed translucent door.
  2435 | D:3      | Noticed Crazy Yiuf
  2461 | D:3      | Noticed Sigmund
  2478 | D:3      | Killed Sigmund
  2479 | D:3      | Reached skill level 7 in Axes
  2479 | D:3      | Reached XP level 6. HP: 30/35 MP: 10/10
  2562 | D:3      | 2562 ||| DROPPING +2 whip of holy wrath.
  2685 | D:3      | 2685 ||| Stepping ~*~*~tactically~*~*~ (stealth).
  2767 | D:3      | Found a faded altar of an unknown god.
  2993 | D:3      | 2993 ||| Stepping ~*~*~tactically~*~*~ (hiding).
  3425 | D:3      | 3425 ||| DRINKING 2 viscous grey potions.
  3426 | D:3      | 3426 ||| DROPPING potion of brilliance.
  3427 | D:3      | 3427 ||| READING scroll of teleportation.
  3472 | D:3      | Reached skill level 3 in Fighting
  3473 | D:3      | HP: 9/37 [poisoned by a scorpion]
  3567 | D:3      | 3567 ||| FLEEEEING.
  3568 | D:3      | 3568 ||| FLEEEEING.
  3734 | D:3      | Killed Terence
  3828 | D:3      | 3828 ||| Stepping randomly (stuck).
  3978 | D:3      | 3978 ||| Stepping randomly (stuck).
  4008 | D:4      | Reached XP level 7. HP: 36/41 MP: 11/11
  4008 | D:4      | 4008 ||| STAIRDANCE
  4273 | D:4      | 4273 ||| Stepping ~*~*~tactically~*~*~ (stealth).
  4274 | D:4      | 4274 ||| SWAPPING to +0 war axe.
  4275 | D:4      | 4275 ||| DROPPING +0 hand axe.
  4279 | D:4      | Found a staircase to the Ecumenical Temple.
  4280 | D:4      | 4280 ||| PLANNING TEMPLE
  4280 | D:4      | 4280 ||| READING scroll labelled BEWIHA TYH.
  4281 | D:4      | 4281 ||| Stepping randomly (stuck).
  4282 | D:4      | 4282 ||| Stepping ~*~*~tactically~*~*~ (cloud).
  4459 | Temple   | Entered the Ecumenical Temple
  4466 | Temple   | Became a worshipper of Warmaster Okawaru
  4496 | Temple   | 4496 ||| PLANNING D:1-11
  4800 | D:4      | 4800 ||| Stepping ~*~*~tactically~*~*~ (hiding).
  4814 | D:4      | 4814 ||| FLEEEEING.
  4815 | D:4      | 4815 ||| FLEEEEING.
  4816 | D:4      | 4816 ||| FLEEEEING.
  4817 | D:4      | 4817 ||| FLEEEEING.
  4818 | D:4      | 4818 ||| FLEEEEING.
  4819 | D:4      | 4819 ||| FLEEEEING.
  4820 | D:4      | 4820 ||| FLEEEEING.
  4821 | D:4      | 4821 ||| FLEEEEING.
  4822 | D:4      | 4822 ||| FLEEEEING.
  4823 | D:4      | 4823 ||| FLEEEEING.
  4824 | D:4      | 4824 ||| FLEEEEING.
  4825 | D:4      | 4825 ||| FLEEEEING.
  4826 | D:4      | 4826 ||| FLEEEEING.
  5011 | D:4      | 5011 ||| Stepping ~*~*~tactically~*~*~ (stealth).
  5027 | D:4      | Reached skill level 8 in Axes
  5030 | D:4      | HP: 7/39 [gnoll/+1 flail of draining[a gnoll bouda] (5)]
  5031 | D:4      | HP: 3/38 [poisoned by a gnoll bouda]
  5325 | D:4      | 5325 ||| DROPPING +0 flail.
  5330 | D:4      | 5330 ||| Stepping ~*~*~tactically~*~*~ (stealth).
  5334 | D:4      | 5334 ||| Stepping ~*~*~tactically~*~*~ (stealth).
  5716 | D:4      | Reached skill level 3 in Dodging
  5859 | D:4      | 5859 ||| UPGRADING to +0 scale mail.
  5869 | D:4      | 5869 ||| DROPPING +0 ring mail.
  5870 | D:4      | 5870 ||| DROPPING amulet of magic regeneration.
  5871 | D:4      | 5871 ||| DROPPING +6 ring of intelligence.
  5872 | D:4      | 5872 ||| READING scroll labelled ATITHR LIONU.
  5873 | D:4      | 5873 ||| READING scroll labelled NOEHIY CUTUOG.
  5874 | D:4      | 5874 ||| DRINKING 2 cyan potions.
  5875 | D:4      | 5875 ||| READING 2 scrolls of identify.
  5875 | D:4      | 5875 ||| IDENTIFYING ruby potion
  5960 | D:5      | Entered Level 5 of the Dungeon
  5969 | D:5      | Found a sacrificial altar of Ru.
  6027 | D:5      | HP: 7/41 [poisoned by a water moccasin]
  6028 | D:5      | 6028 ||| DRINKING potion of curing.
  6028 | D:5      | 6028 ||| (to cure poison)
  6236 | D:5      | 6236 ||| FLEEEEING.
  6237 | D:5      | 6237 ||| FLEEEEING.
  6238 | D:5      | 6238 ||| FLEEEEING.
  6239 | D:5      | 6239 ||| FLEEEEING.
  6244 | D:5      | 6244 ||| FLEEEEING.
  6249 | D:5      | 6249 ||| FLEEEEING.
  6250 | D:5      | 6250 ||| FLEEEEING.
  6251 | D:5      | 6251 ||| STAIRDANCE
  6343 | D:4      | 6343 ||| READING 3 scrolls of identify.
  6343 | D:4      | 6343 ||| IDENTIFYING bubbling brown potion
  6344 | D:4      | 6344 ||| READING 2 scrolls of identify.
  6344 | D:4      | 6344 ||| IDENTIFYING fizzy clear potion
  6345 | D:4      | 6345 ||| DROPPING potion of berserk rage.
  6405 | D:5      | Reached * piety under Okawaru
  6406 | D:5      | Reached XP level 8. HP: 28/46 MP: 12/12
  6406 | D:5      | 6406 ||| INVOKING Heroism.
  6413 | D:5      | Reached skill level 9 in Axes
  6418 | D:5      | HP: 9/46 [something/magic dart (5)]
  6421 | D:5      | HP: 3/48 [something (3)]
  6423 | D:5      | Slain by an orc wizard

Levels and vault maps discovered:
D:1:      wheals_arrival_shading, layout_basic, minivault_24,
          minmay_pentomino_z4
D:2:      layout_loops_ring, supply_closet_lemuel,
          chequers_serial_rivers_micro_d, palyth_stone_intersect,
          kennysheep_generic_room_9, uniq_robin
D:3:      layout_basic, vehumet_altar_wand_db, nicolae_ashenzari_panopticon,
          ebering_ecumenical_altar_rust, uniq_terence, uniq_jessica,
          uniq_sigmund, uniq_crazy_yiuf_cottage
D:4:      layout_basic, minmay_temple_entry_butterflies,
          kennysheep_generic_room_16
D:5:      layout_loops_ring, mainiacjoe_overflow_24_doors, tgw_trog,
          water_boxes_lemuel
Temple:   nicolae_temple_ecumenical_triangle

Skill      XL: |  1  2  3  4  5  6  7  8 |
---------------+-------------------------+-----
Axes           | 3 4 5 7 8 9 |  9.0
Fighting       | 3 |  3.7
Dodging        | 3 |  3.0
Armour         | 2 |  2.9
Throwing       | |  1.0
Spellcasting   | |  2.0
Translocations | |  2.4

Action                   |  1- 3 |  4- 6 |  7- 9 || total
-------------------------+-------+-------+-------++-------
Melee: Hand axe          |    60 |   145 |    10 ||   215
       Kick              |    12 |    28 |    29 ||    69
       Peck              |     5 |    29 |    15 ||    49
       Punch             |     1 |     3 |     1 ||     5
       War axe           |       |       |    97 ||    97
Throw: Boomerang         |     7 |    14 |    32 ||    53
Invok: Heroism           |       |       |     1 ||     1
  Use: Scroll            |     5 |     2 |     6 ||    13
       Potion            |       |     5 |     2 ||     7
Armor: Leather armour    |    15 |     6 |       ||    21
       Ring mail         |       |    23 |    12 ||    35
       Skin              |       |     1 |       ||     1
       Scale mail        |       |       |    25 ||    25
Dodge: Dodged            |    28 |    78 |    52 ||   158

Table legend:
 A = Non-vault XP
 B = Vault XP
 C = Vault XP percentage of total XP
 D = Non-vault monster count
 E = Vault monster count
 F = Vault count percentage of total count
                 A         B        C        D         E       F
            +---------+---------+-------+---------+---------+-------
      Total |    1044 |     351 |  25.2 |      91 |      20 |  18.0
            +---------+---------+-------+---------+---------+-------
        D:1 |      32 |       5 |  13.5 |      16 |       3 |  15.8
        D:2 |      32 |      31 |  49.2 |       7 |       9 |  56.2
        D:3 |     200 |     308 |  60.6 |      28 |       4 |  12.5
        D:4 |     242 |       7 |   2.8 |      32 |       4 |  11.1
        D:5 |     538 |       0 |   0.0 |       8 |       0 |   0.0
            +---------+---------+-------+---------+---------+-------
